 Dungeon Crawl Stone Soup version 0.24-a0-537-g2d01d4ab0a (webtiles) character file.

Game seed: 16479596647502985702

8812 Napalmbreeze the Protected (level 11, -7/92 HPs)
             Began as a Formicid Monk on Aug 15, 2019.
             Was an Elder of Cheibriados.
             Mangled by a red ugly thing (17 damage)
             ... on level 11 of the Dungeon.
             The game lasted 00:29:07 (11296 turns).

Napalmbreeze the Protected (Formicid Monk)         Turns: 11296, Time: 00:29:08

Health: -7/92      AC: 12    Str: 27    XL:     11   Next: 62%
Magic:  9/11       EV: 12    Int: 23    God:    Cheibriados [****..]
Gold:   516        SH: 12    Dex: 20    Spells: 10/10 levels left

rFire    . . .     SeeInvis +   I - +5 scimitar (freeze)
rCold    . . .     Gourm    .   o - +0 shield
rNeg     . . .     Faith    .   w - +0 scale mail {rF+}
rPois    .         Spirit   .   (helmet unavailable)
rElec    .         Reflect  .   H - -3 cloak of Restryoze {rF- Regen+ Slay+5}
rCorr    .         Harm     .   g - +0 pair of gloves
MR       +....                  G - +1 pair of boots {Fly}
Stlth    +.........             (no amulet)
HPRegen  0.65/turn              L - +3 ring of intelligence
MPRegen  0.12/turn              F - -2 ring of dexterity (curse)

@: starving, very slow
A: permanent stasis, dig shafts and tunnels, four strong arms, antennae 3
a: Dig, Shaft Self, Bend Time, Temporal Distortion, Slouch, Renounce Religion,
Evoke Flight


You were on level 11 of the Dungeon.
You worshipped Cheibriados.
Cheibriados was greatly pleased with you.
You were starving.

You visited 2 branches of the dungeon, and saw 12 of its levels.

You collected 697 gold pieces.
You spent 181 gold pieces at shops.

Inventory:

Hand Weapons
 y - a +2 falchion of draining
 I - a +5 scimitar of freezing (weapon)
 J - a +0 falchion of holy wrath
 M - a +4 scimitar of flaming
 N - a +0 great sword
Missiles
 k - 8 curare-tipped darts
 u - 3 javelins (quivered)
Armour
 g - a +0 pair of gloves (worn)
 o - a +0 shield (worn)
 v - a scarf of cloud immunity
 w - a +0 scale mail of fire resistance (worn)
 G - a +1 pair of boots of flying (worn)
 H - the -3 cloak of Restryoze (worn) {rF- Regen+ Slay+5}
   (You found it on level 8 of the Dungeon)

   It affects your accuracy and damage with ranged weapons and melee attacks
   (+5).
   It makes you vulnerable to fire.
   It increases your rate of regeneration.
Jewellery
 F - a cursed -2 ring of dexterity (right hand)
 L - a +3 ring of intelligence (left hand)
Wands
 a - a wand of digging (8)
 m - a wand of polymorph (11)
 t - a wand of clouds (3)
 E - a wand of iceblast (9)
Scrolls
 f - 2 scrolls of magic mapping
 h - 3 scrolls of enchant weapon
 p - 3 scrolls of enchant armour
 r - 3 scrolls of fog
 s - a scroll of immolation
 C - 2 scrolls of acquirement {unknown}
Potions
 b - 3 potions of haste {unknown}
 d - a potion of brilliance {unknown}
 e - 2 potions of flight {unknown}
 i - 4 potions of heal wounds {unknown}
 j - a potion of invisibility {unknown}
 l - 3 potions of lignification {unknown}
 n - 5 potions of curing
 q - 2 potions of ambrosia {unknown}
 x - a potion of cancellation {unknown}
 z - a potion of magic {unknown}
 A - 3 potions of mutation
 B - 2 potions of degeneration {unknown}
 K - a potion of resistance {unknown}
Comestibles
 c - 15 rations
 D - 8 chunks of flesh


   Skills:
 + Level 10.3 Fighting
 + Level 8.6 Long Blades
 * Level 14.7 Armour
 - Level 2.7 Dodging
 - Level 2.4 Stealth
 + Level 8.1 Shields


You had 10 spell levels left.
You didn't know any spells.
Your spell library contained the following spells:

 Spells                   Type           Power        Failure   Level  Hunger
 Animate Skeleton         Necr           N/A          32%         1    ##.....
 Confusing Touch          Hex            #.....       32%         1    ##.....
 Infusion                 Chrm           #...         32%         1    ##.....
 Pain                     Necr           #...         32%         1    ##.....
 Shroud of Golubria       Chrm/Tloc      #.....       45%         2    ###....
 Song of Slaying          Chrm           #.......     45%         2    ###....
 Confuse                  Hex            #.......     69%         3    ####...
 Gell's Gravitas          Tloc           #.........   69%         3    ####...
 Regeneration             Chrm/Necr      #.........   69%         3    ####...
 Spectral Weapon          Hex/Chrm       #.......     69%         3    ####...
 Vampiric Draining        Necr           #.........   69%         3    ####...
 Animate Dead             Necr           N/A          97%         4    #####..
 Petrify                  Tmut/Erth      #.......     97%         4    #####..
 Metabolic Englaciation   Hex/Ice        #.........   100%        5    ######.
 Yara's Violent Unravell  Hex/Tmut       #.........   100%        5    ######.


Dungeon Overview and Level Annotations

Branches:
Dungeon (11/15)            Temple (1/1) D:7             Orc (0/2) D:10
   Lair: D:8-11

Altars:
Ashenzari
Cheibriados
Dithmenos
Elyvilon
Fedhas
Gozag
Hepliaklqana
Kikubaaqudgha
Makhleb
Nemelex Xobeh
Okawaru
Qazlal
Ru
Sif Muna
Trog
Uskayaw
Vehumet
Wu Jian
Xom
Yredelemnul
Zin
The Shining One

Shops:
D:7 =[[[(   D:10 *

Annotations:
D:3 Ogre


Innate Abilities, Weirdness & Mutations

You cannot be hasted, slowed, berserked, paralysed or teleported.
You can dig through walls and to a lower floor.
Your four strong arms can wield two-handed weapons with a shield.
You have a pair of large antennae on your head. (SInv)


Message History

The red ugly thing is lightly wounded.
You block the hungry ghost's attack.
Unknown command.
You miss the hungry ghost.
The hungry ghost is severely damaged.
The red ugly thing claws you!
* * * LOW HITPOINT WARNING * * *
You are engulfed in flames!
* * * LOW HITPOINT WARNING * * *
The hungry ghost hits you.
You are near starving!
You feel better. The red ugly thing barely misses you.
The hungry ghost hits you.
You are starving!
The hungry ghost hits you.
* * * LOW HITPOINT WARNING * * *
You feel somewhat more hungry. The red ugly thing claws you!
* * * LOW HITPOINT WARNING * * *
You are engulfed in flames!
You die...

... #.# #.# #.#
... #.# . #.#
... #÷#
....####@####..#
.......Wu.......
.P../..†........
P..P....<#######
.P..####.# P..
#+# tP {


You could see a red ugly thing and a hungry ghost.

Vanquished Creatures
  Harold (D:7)
  Erolcha (D:9)
  Erica (D:8)
  Pikel (D:8)
  Joseph (D:7)
  3 hippogriffs (D:10)
  9 yaks
  A wyvern (D:10)
  2 ice beasts (D:8)
  A sky beast (D:6)
  4 orc warriors
  An eye of draining (D:10)
  5 ogres
  A black bear (D:6)
  A phantom (D:10)
  2 centaurs
  A big kobold (D:8)
  5 bullfrogs
  A wyvern zombie (D:9)
  A gnoll sergeant (D:8)
  A jelly (D:9)
  A wyvern skeleton (D:7)
  4 scorpions
  11 wights
  4 howler monkeys
  A crimson imp (D:6)
  3 hounds
  5 orc wizards
  2 bullfrog skeletons
  3 orc priests
  Jessica (D:2)
  An iguana (D:10)
  5 worker ants
  A killer bee zombie (D:6)
  Robin (D:3)
  11 gnolls
  19 adders
  4 shadow imps
  An ooze (D:3)
  A worm (D:2)
  4 dart slugs
  6 leopard geckos
  24 orcs
  15 bats
  13 giant cockroaches
  11 goblins
  6 hobgoblins
  11 jackals
  7 quokkas
  3 ball pythons
  4 frilled lizards
  A jackal skeleton (D:4)
  10 kobolds
  6 rats
244 creatures vanquished.

Vanquished Creatures (others)
  A sky beast (D:10)
  A slave (D:8)
  An orc wizard (D:8)
  2 fungi (D:11)
5 creatures vanquished.

Grand Total: 249 creatures vanquished

Notes
Turn   | Place    | Note
-------+----------+-------------------------------------------
     0 | D:1      | Napalmbreeze the Formicid Monk began the quest for the Orb.
     0 | D:1      | Reached XP level 1. HP: 18/18 MP: 1/1
   277 | D:1      | Reached XP level 2. HP: 22/24 MP: 2/2
   618 | D:1      | Reached XP level 3. HP: 29/30 MP: 3/3
   667 | D:1      | Reached skill level 1 in Armour
  1152 | D:2      | Reached XP level 4. HP: 27/38 MP: 4/4
  1291 | D:2      | Found a shimmering altar of Xom.
  1291 | D:2      | Found a bloodstained altar of Trog.
  1519 | D:2      | Noticed Jessica
  1523 | D:2      | Killed Jessica
  1523 | D:2      | Reached skill level 5 in Fighting
  1523 | D:2      | Reached skill level 2 in Armour
  1523 | D:2      | Reached XP level 5. HP: 44/44 MP: 5/5
  2160 | D:3      | Noticed Robin
  2323 | D:3      | Killed Robin
  2323 | D:3      | Reached XP level 6. HP: 45/51 MP: 6/6
  2536 | D:3      | Noticed an ogre
  3896 | D:4      | Noticed an ogre
  3923 | D:4      | Reached skill level 3 in Armour
  3940 | D:4      | Found a basalt altar of Yredelemnul.
  3944 | D:4      | Found an opulent altar of Gozag.
  4106 | D:4      | Reached XP level 7. HP: 45/58 MP: 7/7
  4769 | D:5      | Entered Level 5 of the Dungeon
  4982 | D:5      | Reached skill level 4 in Armour
  5622 | D:5      | Reached skill level 5 in Long Blades
  5622 | D:5      | Reached XP level 8. HP: 67/67 MP: 8/8
  5834 | D:5      | Reached skill level 5 in Armour
  6018 | D:5      | Found a stormy altar of Qazlal.
  6403 | D:6      | Reached skill level 1 in Shields
  6435 | D:6      | Reached skill level 6 in Armour
  6706 | D:6      | Reached skill level 7 in Armour
  7097 | D:6      | Found a sparkling altar of Nemelex Xobeh.
  7111 | D:6      | Found a burning altar of Makhleb.
  7203 | D:6      | Found an ancient bone altar of Kikubaaqudgha.
  7307 | D:6      | Found an ornate altar of the Wu Jian Council.
  7373 | D:6      | Reached skill level 8 in Armour
  7373 | D:6      | Reached XP level 9. HP: 74/74 MP: 9/9
  7731 | D:7      | Noticed Harold
  7813 | D:7      | Noticed Joseph
  7814 | D:7      | Found Rougriha's Antique Weapon Shop.
  7836 | D:7      | Reached skill level 9 in Armour
  7857 | D:7      | Killed Joseph
  8147 | D:7      | Identified the cursed +1 ring mail of Hopaduamm {Dex+2}
  8193 | D:7      | Killed Harold
  8193 | D:7      | Reached skill level 10 in Armour
  8193 | D:7      | Reached skill level 5 in Shields
  8193 | D:7      | Reached XP level 10. HP: 48/82 MP: 10/10
  8352 | D:7      | Reached skill level 11 in Armour
  8381 | D:7      | Found Jywkoser's Jewellery Boutique.
  8416 | D:7      | Found Mimapet's Antique Armour Emporium.
  8428 | D:7      | Found Hovvoph's Armour Shoppe.
  8435 | D:7      | Found Xerusowo's Armour Shop.
  8439 | D:7      | Found a staircase to the Ecumenical Temple.
  8443 | D:7      | Bought a +1 pair of boots of flying for 181 gold pieces
  8461 | Temple   | Entered the Ecumenical Temple
  8513 | Temple   | Became a worshipper of Cheibriados the Contemplative
  8513 | Temple   | Reached * piety under Cheibriados
  8513 | Temple   | Reached ** piety under Cheibriados
  9151 | D:8      | Noticed Pikel
  9156 | D:8      | Killed Pikel
  9156 | D:8      | Reached skill level 12 in Armour
  9236 | D:8      | Got a heavily runed cloak
  9255 | D:8      | Identified the -3 cloak of Restryoze {rF- Regen+ Slay+5}
                  | (You found it on level 8 of the Dungeon)
  9449 | D:8      | Noticed Erica
  9470 | D:8      | Killed Erica
  9575 | D:8      | Reached skill level 13 in Armour
  9580 | D:8      | Reached *** piety under Cheibriados
  9635 | D:9      | Noticed Erolcha
  9884 | D:9      | Killed Erolcha
  9884 | D:9      | Reached XP level 11. HP: 62/90 MP: 11/11
 10209 | D:10     | Entered Level 10 of the Dungeon
 10333 | D:10     | Reached skill level 14 in Armour
 10359 | D:10     | Reached skill level 10 in Fighting
 10804 | D:10     | Found a staircase to the Orcish Mines.
 10992 | D:10     | Found Ajepp's General Store.
 10998 | D:10     | Reached **** piety under Cheibriados
 11283 | D:11     | Noticed a red ugly thing
 11296 | D:11     | Mangled by a red ugly thing

Levels and vault maps discovered:
D:1:      nzn_arrival_crosshair, layout_basic, kennysheep_another_room
D:2:      layout_loops_cross, chequers_temple_overflow_statue_of_worship,
          first_ration, uniq_jessica
D:3:      layout_loops_ring, corexii_corridor_pit, roderic_roman_lattice,
          minmay_starry_boxes, uniq_robin
D:4:      layout_rooms, nicolae_gozag_seed_capital, yredelemnul_altar_generic
D:5:      layout_loops_corners, lemuel_round_altar, kennysheep_path_1,
          kennysheep_donut, minmay_manual_moon
D:6:      layout_loops_corners, nicolae_overflow_quartered_altars,
          serial_rivers, chequers_serial_rivers_micro_b,
          chequers_serial_rivers_small_3, chequers_serial_rivers_micro_d,
          chequers_serial_rivers_micro_b
D:7:      layout_basic, minmay_temple_entry_offerings, serial_shops, shop, shop,
          shop, shop_statue, shop, uniq_joseph, uniq_harold
D:8:      layout_cave_pools, uniq_erica, uniq_pikel
D:9:      layout_roguey, uniq_erolcha
D:10:     lemuel_ice_spiral_2, layout_irregular_city, orc_0_dummy, serial_shops,
          shop
D:11:     layout_basic, due_lair_maze_entry_diamond, serial_shops, shop
Temple:   eino_temple_lava

Skill      XL: |  1  2  3  4  5  6  7  8  9 10 11 |
---------------+----------------------------------+-----
Fighting       | 4 5 6 7 8 9 10 | 10.3
Armour         | 1 2 3 4 8 10 13 14 | 14.7
Long Blades    | 4 5 6 7 8 |  8.6
Shields        | 3 5 6 8 |  8.1
Dodging        | |  2.7
Stealth        | |  2.4

Action                   |  1- 3 |  4- 6 |  7- 9 | 10-12 || total
-------------------------+-------+-------+-------+-------++-------
Melee: Falchion          |    78 |   191 |   140 |    76 ||   485
       Long sword        |       |   132 |   184 |       ||   316
       Scimitar          |       |       |       |   178 ||   178
Invok: Bend Time         |       |       |       |     1 ||     1
 Abil: Stop Flying       |       |       |       |     1 ||     1
  Use: Scroll            |       |     6 |     1 |     7 ||    14
       Potion            |       |       |       |     2 ||     2
 Stab: Sleeping          |     2 |       |       |       ||     2
  Eat: Chunk             |     1 |     7 |     9 |     3 ||    20
       Ration            |       |     1 |     1 |     1 ||     3
Armor: Ring mail         |    23 |    56 |       |       ||    79
       Scale mail        |       |    98 |   117 |    69 ||   284
       Chain mail        |       |    44 |    11 |       ||    55
Dodge: Dodged            |    63 |   226 |   115 |    97 ||   501
Block: Shield            |       |       |   104 |   153 ||   257
       Rpst.: Falchion   |    19 |    52 |     6 |     8 ||    85
       Long sword        |       |    28 |    29 |       ||    57
       Scimitar          |       |       |       |    23 ||    23

Table legend:
 A = Non-vault XP
 B = Vault XP
 C = Vault XP percentage of total XP
 D = Non-vault monster count
 E = Vault monster count
 F = Vault count percentage of total count
                 A         B        C        D         E       F
            +---------+---------+-------+---------+---------+-------
      Total |    8276 |    4313 |  34.3 |     222 |      23 |   9.4
            +---------+---------+-------+---------+---------+-------
        D:1 |      36 |       0 |   0.0 |      23 |       0 |   0.0
        D:2 |     129 |      37 |  22.3 |      30 |       1 |   3.2
        D:3 |     255 |      76 |  23.0 |      32 |      13 |  28.9
        D:4 |     315 |       0 |   0.0 |      15 |       0 |   0.0
        D:5 |     203 |      14 |   6.5 |       7 |       2 |  22.2
        D:6 |    1097 |       0 |   0.0 |      26 |       0 |   0.0
        D:7 |     666 |    1467 |  68.8 |      14 |       2 |  12.5
        D:8 |    1177 |    1546 |  56.8 |      33 |       2 |   5.7
        D:9 |     661 |     989 |  59.9 |       6 |       1 |  14.3
       D:10 |    2923 |       0 |   0.0 |      32 |       0 |   0.0
       D:11 |     814 |     184 |  18.4 |       4 |       2 |  33.3
            +---------+---------+-------+---------+---------+-------
